PAA
HELENA GRIZZLIES @ LANNISTER UNITED LIONHEARTS
07/25/2023
 
TOP OF THE 1ST
Helena Grizzlies batting - Pitching for Lannister United Lionhearts : LHP Luis Ortíz
Pitching: LHP Luis Ortíz
Batting: LHB José Ríos 0-0: SINGLE (Flyball, 6MD)
Batting: RHB Gaston Waller 0-0: Called Strike
0-1: Called Strike
0-2: Strikes out swinging
Batting: RHB Álex Estrada 0-0: Ball
1-0: Called Strike
1-1: Ball
2-1: Swinging Strike
2-2: Fly out, F9 (Flyball, 89M)
Batting: LHB Miguel Zúńiga 0-0: Ball
1-0: Ball
2-0: Ball
3-0: Called Strike
3-1: Called Strike
3-2: Fly out, F7 (Flyball, 7D)
Top of the 1st over - 0 run(s), 1 hit(s), 0 error(s), 1 left on base; Helena 0 - Lannister United 0
BOTTOM OF THE 1ST
Lannister United Lionhearts batting - Pitching for Helena Grizzlies : RHP Teddy Jones
Pitching: RHP Teddy Jones
Batting: LHB Jorge Garza 0-0: Ball
1-0: Called Strike
1-1: Ground out 4-3 (Groundball, 4)
Batting: LHB Cisco Padilla 0-0: Called Strike
0-1: Ball
1-1: Ball
2-1: Ball
3-1: Foul Ball, location: 2F
3-2: Ground out 5-3 (Groundball, 56S)
Batting: SHB Mitch Qualtrough 0-0: Foul Ball, location: 2F
0-1: Ball
1-1: SINGLE (Line Drive, 9LS)
Batting: SHB Robbie Anderson 0-0: Ball
1-0: Called Strike
Mitch Qualtrough steals 2nd base
1-1: Foul Ball, location: 2F
1-2: Ball
2-2: Fly out, F7 (Popup, 78S)
Bottom of the 1st over - 0 run(s), 1 hit(s), 0 error(s), 1 left on base; Helena 0 - Lannister United 0
TOP OF THE 2ND
Helena Grizzlies batting - Pitching for Lannister United Lionhearts : LHP Luis Ortíz
Batting: RHB Chris Woodruff 0-0: Ball
1-0: Ball
2-0: Ball
3-0: Base on Balls
Batting: RHB Dusty Childress 0-0: Called Strike
0-1: Fielders Choice at 2nd, 6-4 (Groundball, 6M)
Batting: LHB Wilson Horton 0-0: SINGLE (Line Drive, 34D)
Dusty Childress to second
Runner from 2nd tries for 3rd, SAFE, throw made to third
Batting: LHB Tom Cotton 0-0: Ground out 3-1 (Groundball, 34)
Dusty Childress scores
Wilson Horton to second
Batting: RHB Jorge Arreola 0-0: Swinging Strike
0-1: Ball
1-1: Swinging Strike
1-2: Strikes out swinging
Top of the 2nd over - 1 run(s), 1 hit(s), 0 error(s), 1 left on base; Helena 1 - Lannister United 0
BOTTOM OF THE 2ND
Lannister United Lionhearts batting - Pitching for Helena Grizzlies : RHP Teddy Jones
Batting: LHB Jerry Wilson 0-0: Called Strike
0-1: Ball
1-1: Foul Ball, location: 2F
1-2: Ball
2-2: Foul Ball, location: 2F
2-2: Foul Ball, location: 2F
2-2: SINGLE (Groundball, 6MD)
Batting: RHB Fernando Rivera 0-0: Called Strike
0-1: Swinging Strike
0-2: Ball
1-2: Ground out 5-3 (Groundball, 56S)
Jerry Wilson to second
Batting: RHB Lloyd Walsh 0-0: Called Strike
0-1: Ball
1-1: Foul Ball, location: 2F
1-2: Strikes out swinging
Batting: RHB Curt Johnston 0-0: Called Strike
0-1: Ball
Passed Ball!
Jerry Wilson to third
1-1: Fly out, F8 (Line Drive, 8LM)
Bottom of the 2nd over - 0 run(s), 1 hit(s), 0 error(s), 1 left on base; Helena 1 - Lannister United 0
TOP OF THE 3RD
Helena Grizzlies batting - Pitching for Lannister United Lionhearts : LHP Luis Ortíz
Batting: LHB José Ríos 0-0: Called Strike
0-1: Ball
1-1: Swinging Strike
1-2: Reached on Error, E6 (Popup, 6)
Batting: RHB Gaston Waller 0-0: Called Strike
0-1: Grounds into double play, 4-6-3 (Groundball, 4)
Batting: RHB Álex Estrada 0-0: Fly out, F9 (Flyball, 89M)
Top of the 3rd over - 0 run(s), 0 hit(s), 1 error(s), 0 left on base; Helena 1 - Lannister United 0
BOTTOM OF THE 3RD
Lannister United Lionhearts batting - Pitching for Helena Grizzlies : RHP Teddy Jones
Batting: LHB Gonzalo Álvarez 0-0: Ball
1-0: Swinging Strike
1-1: Foul Ball, location: 2F
1-2: Foul Ball, location: 2F
1-2: Ball
2-2: Ball
3-2: Base on Balls
Batting: LHB Jorge Garza 0-0: Ball
1-0: Called Strike
1-1: Ball
2-1: Ball
3-1: Called Strike
3-2: Foul Ball, location: 2F
3-2: Strikes out swinging
Gonzalo Álvarez is caught stealing 2nd base
Batter strikes out.
Batting: LHB Cisco Padilla 0-0: Called Strike
0-1: Called Strike
0-2: Ball
1-2: Strikes out swinging
Bottom of the 3rd over - 0 run(s), 0 hit(s), 0 error(s), 0 left on base; Helena 1 - Lannister United 0
TOP OF THE 4TH
Helena Grizzlies batting - Pitching for Lannister United Lionhearts : LHP Luis Ortíz
Batting: LHB Miguel Zúńiga 0-0: Ball
1-0: Ball
2-0: Ball
3-0: Called Strike
3-1: Fly out, F8 (Flyball, 8RS)
Batting: RHB Chris Woodruff 0-0: Called Strike
0-1: Swinging Strike
0-2: Ball
1-2: Strikes out swinging
Batting: RHB Dusty Childress 0-0: Ball
1-0: Ball
2-0: Ground out 6-3 (Groundball, 6)
Top of the 4th over - 0 run(s), 0 hit(s), 0 error(s), 0 left on base; Helena 1 - Lannister United 0
BOTTOM OF THE 4TH
Lannister United Lionhearts batting - Pitching for Helena Grizzlies : RHP Teddy Jones
Batting: SHB Mitch Qualtrough 0-0: Called Strike
0-1: Ball
1-1: Swinging Strike
1-2: Foul Ball, location: 2F
1-2: Foul Ball, location: 2F
1-2: Strikes out swinging
Batting: SHB Robbie Anderson 0-0: Called Strike
0-1: Ball
1-1: Ball
2-1: Ball
3-1: Base on Balls
Batting: LHB Jerry Wilson 0-0: Ball
1-0: Foul Ball, location: 2F
1-1: Swinging Strike
1-2: Ball
2-2: Foul Ball, location: 2F
2-2: Foul Ball, location: 2F
2-2: SINGLE (Flyball, 7S)
Robbie Anderson to second
Batting: RHB Fernando Rivera 0-0: Called Strike
0-1: Swinging Strike
0-2: Fly out, F8 (Flyball, 8LM)
Batting: RHB Lloyd Walsh 0-0: Called Strike
0-1: Fly out, F8 (Flyball, 8RM)
Bottom of the 4th over - 0 run(s), 1 hit(s), 0 error(s), 2 left on base; Helena 1 - Lannister United 0
TOP OF THE 5TH
Helena Grizzlies batting - Pitching for Lannister United Lionhearts : LHP Luis Ortíz
Batting: LHB Wilson Horton 0-0: Ball
1-0: Ball
2-0: Foul Ball, location: 2F
2-1: Foul Ball, location: 2F
2-2: Foul Ball, location: 2F
2-2: Ball
3-2: Base on Balls
Batting: LHB Tom Cotton 0-0: Ball
1-0: Ball
2-0: Sac Bunt - play at second, runner OUT! 2-6
Batting: RHB Jorge Arreola 0-0: Foul Ball, location: 2F
0-1: Called Strike
0-2: Strikes out swinging
Batting: LHB José Ríos 0-0: Foul Ball, location: 2F
0-1: Called Strike
0-2: Foul Ball, location: 2F
0-2: Ball
1-2: Ball
2-2: Ball
3-2: Strikes out swinging
Top of the 5th over - 0 run(s), 0 hit(s), 0 error(s), 1 left on base; Helena 1 - Lannister United 0
BOTTOM OF THE 5TH
Lannister United Lionhearts batting - Pitching for Helena Grizzlies : RHP Teddy Jones
Batting: RHB Curt Johnston 0-0: Ball
1-0: Ball
2-0: Foul Ball, location: 2F
2-1: Fly out, F7 (Line Drive, 7M)
Batting: LHB Gonzalo Álvarez 0-0: Ground out 4-3 (Groundball, 4)
Batting: LHB Jorge Garza 0-0: Ball
1-0: Ball
2-0: Ball
3-0: Base on Balls
Batting: LHB Cisco Padilla 0-0: Called Strike
Jorge Garza steals 2nd base
0-1: Ball
1-1: Ball
2-1: Ball
3-1: Ground out 3-1 (Groundball, 34)
Bottom of the 5th over - 0 run(s), 0 hit(s), 0 error(s), 1 left on base; Helena 1 - Lannister United 0
TOP OF THE 6TH
Helena Grizzlies batting - Pitching for Lannister United Lionhearts : LHP Luis Ortíz
Pitching: RHP Ryan Bentley
Batting: RHB Gaston Waller 0-0: Ball
1-0: Ball
2-0: Foul Ball, location: 2F
2-1: Ball
3-1: Base on Balls
Batting: RHB Álex Estrada 0-0: Ball
Gaston Waller steals 2nd base
1-0: Ball
2-0: Fly out, F8 (Flyball, 8LD)
Runner from 2nd tags up, SAFE at 3rd, no throw
Batting: LHB Miguel Zúńiga 0-0: Intentional Walk
Batting: RHB Chris Woodruff 0-0: Ball
1-0: Ball
2-0: Ball
3-0: Base on Balls
Miguel Zúńiga to second
Batting: RHB Dusty Childress 0-0: Ball
1-0: Foul Ball, location: 2F
1-1: SINGLE (Groundball, 56S)
Gaston Waller scores
Miguel Zúńiga to third
Chris Woodruff to second
Runner from 3rd tries for Home, SAFE, no throw or cutoff
Batting: LHB Wilson Horton 0-0: Ball
1-0: Ball
2-0: Called Strike
2-1: Foul Ball, location: 2F
2-2: Ball
3-2: Reached on error, E5 (Groundball, 56)
Chris Woodruff to third
Dusty Childress to second
Batting: LHB Tom Cotton 0-0: Ball
1-0: Foul Ball, location: 2F
1-1: SINGLE (Popup, 5)
Chris Woodruff scores
Dusty Childress to third
Wilson Horton to second
Runner from 3rd tries for Home, SAFE, no throw or cutoff
Pitching: LHP Armando Gonzáles
Batting: RHB Jorge Arreola 0-0: Swinging Strike
0-1: Swinging Strike
0-2: Strikes out swinging
Batting: LHB José Ríos 0-0: Foul Ball, location: 2F
0-1: Swinging Strike
0-2: Ball
1-2: Ball
2-2: Foul Ball, location: 2F
2-2: Strikes out swinging
Top of the 6th over - 4 run(s), 2 hit(s), 1 error(s), 2 left on base; Helena 5 - Lannister United 0
BOTTOM OF THE 6TH
Lannister United Lionhearts batting - Pitching for Helena Grizzlies : RHP Teddy Jones
Batting: SHB Mitch Qualtrough 0-0: Swinging Strike
0-1: Ball
1-1: Called Strike
1-2: Strikes out looking
Batting: SHB Robbie Anderson 0-0: Ground out 6-3 (Groundball, 6M)
Batting: LHB Jerry Wilson 0-0: Ball
1-0: Foul Ball, location: 2F
1-1: Foul Ball, location: 2F
1-2: Ball
2-2: Ball
3-2: Foul Ball, location: 2F
3-2: SINGLE (Line Drive, 3D)
Pitching: LHP Vaughn Betz
Batting: RHB Fernando Rivera 0-0: Fly out, F7 (Flyball, 7LM)
Bottom of the 6th over - 0 run(s), 1 hit(s), 0 error(s), 1 left on base; Helena 5 - Lannister United 0
TOP OF THE 7TH
Helena Grizzlies batting - Pitching for Lannister United Lionhearts : LHP Armando Gonzáles
Batting: RHB Gaston Waller 0-0: Ball
1-0: Called Strike
1-1: Swinging Strike
1-2: Foul Ball, location: 2F
1-2: Fly out, F8 (Flyball, 8RM)
Batting: RHB Álex Estrada 0-0: Ball
1-0: Foul Ball, location: 2F
1-1: Ball
2-1: Foul Ball, location: 2F
2-2: SINGLE (Groundball, 56D)
Batting: LHB Miguel Zúńiga 0-0: Grounds into double play, 1-6-3 (Groundball, 15S)
Top of the 7th over - 0 run(s), 1 hit(s), 0 error(s), 0 left on base; Helena 5 - Lannister United 0
BOTTOM OF THE 7TH
Lannister United Lionhearts batting - Pitching for Helena Grizzlies : LHP Vaughn Betz
Batting: RHB Lloyd Walsh 0-0: Called Strike
0-1: Called Strike
0-2: Ball
1-2: Ball
2-2: Ball
3-2: Base on Balls
Batting: RHB Curt Johnston 0-0: Foul Ball, location: 2F
0-1: Ball
1-1: Foul Ball, location: 2F
1-2: Foul Ball, location: 2F
1-2: Strikes out swinging
Lloyd Walsh steals 2nd base
Batter strikes out.
Batting: LHB Gonzalo Álvarez 0-0: Ball
Lloyd Walsh is caught stealing 3rd base
1-0: Ball
2-0: Swinging Strike
2-1: Ball
3-1: Called Strike
3-2: Fly out, F8 (Flyball, 89M)
Bottom of the 7th over - 0 run(s), 0 hit(s), 0 error(s), 0 left on base; Helena 5 - Lannister United 0
TOP OF THE 8TH
Helena Grizzlies batting - Pitching for Lannister United Lionhearts : LHP Armando Gonzáles
Batting: RHB Chris Woodruff 0-0: Ground out 4-3 (Groundball, 4)
Batting: RHB Dusty Childress 0-0: Ball
1-0: Fly out, F7 (Line Drive, 78S)
Batting: LHB Wilson Horton 0-0: Ball
1-0: Foul Ball, location: 2F
1-1: Swinging Strike
1-2: Ground out 4-3 (Groundball, 4)
Top of the 8th over - 0 run(s), 0 hit(s), 0 error(s), 0 left on base; Helena 5 - Lannister United 0
BOTTOM OF THE 8TH
Lannister United Lionhearts batting - Pitching for Helena Grizzlies : LHP Vaughn Betz
Batting: LHB Jorge Garza 0-0: Foul Ball, location: 2F
0-1: Fly out, F4 (Popup, 4D)
Batting: LHB Cisco Padilla 0-0: Foul Ball, location: 2F
0-1: Foul Ball, location: 2F
0-2: Ball
1-2: Ball
2-2: Ball
3-2: Foul Ball, location: 2F
3-2: Fly out, F8 (Line Drive, 8RM)
Batting: SHB Mitch Qualtrough 0-0: Ball
1-0: Ball
2-0: Ball
3-0: Called Strike
3-1: Fly out, F3 (Popup, 3)
Bottom of the 8th over - 0 run(s), 0 hit(s), 0 error(s), 0 left on base; Helena 5 - Lannister United 0
TOP OF THE 9TH
Helena Grizzlies batting - Pitching for Lannister United Lionhearts : LHP Armando Gonzáles
Batting: LHB Tom Cotton 0-0: Ball
1-0: Called Strike
1-1: Ball
2-1: Ground out 3-1 (Groundball, 34)
Batting: RHB Jorge Arreola 0-0: Ball
1-0: Swinging Strike
1-1: Foul Ball, location: 2F
1-2: Strikes out swinging
Batting: LHB José Ríos 0-0: Ball
1-0: Foul Ball, location: 2F
1-1: Ball
2-1: Ball
3-1: Called Strike
3-2: Strikes out swinging
Top of the 9th over - 0 run(s), 0 hit(s), 0 error(s), 0 left on base; Helena 5 - Lannister United 0
BOTTOM OF THE 9TH
Lannister United Lionhearts batting - Pitching for Helena Grizzlies : LHP Vaughn Betz
Pitching: RHP Jim Atkinson
Batting: SHB Robbie Anderson 0-0: Ball
1-0: Fly out, F4 (Popup, 34D)
Batting: LHB Jerry Wilson 0-0: Ball
1-0: Ball
2-0: Ball
3-0: Base on Balls
Batting: RHB Fernando Rivera 0-0: Ball
1-0: Ball
2-0: Called Strike
2-1: Fly out, F9 (Flyball, 9S)
Batting: RHB Lloyd Walsh 0-0: Ball
1-0: Ball
2-0: Foul Ball, location: 2F
2-1: Foul Ball, location: 2F
2-2: Ball
3-2: Fly out, F9 (Line Drive, 9M)
Bottom of the 9th over - 0 run(s), 0 hit(s), 0 error(s), 1 left on base; Helena 5 - Lannister United 0
This league is powered by Out of the Park Baseball, the baseball management simulation game for PC, Mac and Linux
Friday, July 8th, 2016 - OOTP Baseball 16.9 Build 39